 Dungeon Crawl Stone Soup version 0.29.1-2-gbd0b4ee654 (webtiles) character file.

Game seed: 18000828571912859187

63 GorkyZ the Shield-Bearer (level 4, 0/35 HPs)
             Began as a Formicid Fighter on Nov 21, 2022.
             Slain by an adder (1 damage)
             ... on level 1 of the Dungeon.
             The game lasted 00:05:58 (1713 turns).

GorkyZ the Shield-Bearer (Formicid Fighter)         Turns: 1713, Time: 00:06:00

Health: 0/35       AC:  6    Str: 22    XL:     4   Next: 30%
Magic:  4/4        EV:  9    Int:  8    God:
Gold:   56         SH:  5    Dex: 13    Spells: 3/3 levels left

rFire   . . .      SeeInvis +   a - +0 war axe
rCold   . . .      Faith    .   c - +0 buckler
rNeg    . . .      Spirit   .   b - +0 scale mail
rPois   .          Reflect  .   (helmet unavailable)
rElec   .          Harm     .   (no cloak)
rCorr   .          Rampage  .   (no gloves)
Will    .....                   (no boots)
Stlth   ..........              (no amulet)
HPRegen 0.11/turn               (no ring)
MPRegen 0.09/turn               (no ring)

@: lethally poisoned (0 -> -4)
A: permanent stasis, dig shafts and tunnels, antennae 3, four strong arms
a: Dig, Shaft Self


You were on level 1 of the Dungeon.
You visited 1 branch of the dungeon, and saw 2 of its levels.

You collected 56 gold pieces.

Inventory:

Hand Weapons
 a - a +0 war axe (weapon)
Armour
 b - a +0 scale mail (worn)
 c - a +0 buckler (worn)
Scrolls
 f - a scroll of blinking {unknown}
 h - a scroll of enchant weapon {unknown}
 i - 2 scrolls of magic mapping {unknown}
 j - a scroll of butterflies {unknown}
 k - a scroll of identify {unknown}
Potions
 d - a potion of might
 e - 4 potions of heal wounds {unknown}
 g - a potion of berserk rage {unknown}
 l - a potion of haste {unknown}


   Skills:
 + Level 3.5 Fighting
 + Level 2.4 Axes
 + Level 0.9 Throwing
 + Level 3.6 Armour
 + Level 0.8 Dodging
 + Level 4.4 Shields
 + Level 1.4 Evocations


You had 3 spell levels left.
You didn't know any spells.
Your spell library was empty.

Dungeon Overview and Level Annotations

Branches:
Dungeon (2/15)

Altars:


Innate Abilities, Weirdness & Mutations

You cannot be hasted, slowed, berserked, paralysed or teleported.
You can dig through walls and to a lower floor.
You have a pair of large antennae on your head. (SInv)
Your four strong arms can wield two-handed weapons with a shield.


Message History

You closely miss the adder.
The adder is moderately wounded.
The adder bites you but does no damage. The adder barely misses you.
The gnoll barely misses you.
You barely miss the adder.
The adder is moderately wounded.
The adder barely misses you. You block the gnoll's attack.
The adder closely misses you.
The gnoll shouts!
You hit the adder.
The adder is heavily wounded.
The adder bites you but does no damage.
The gnoll hits you from afar with a +4 halberd!
The adder barely misses you.
The gnoll hits you from afar with a +4 halberd!
The adder attacks as you move away! The adder bites you.
You are poisoned.
The adder poisons you!
You feel sick. The adder misses you. The adder attacks as you move away!
The adder bites you.
* * * LOW HITPOINT WARNING * * *
You feel sick.
You feel sick.
You feel sick. The adder misses you.
There is an escape hatch in the floor here.
You feel sick.
You are no longer poisoned.
The adder barely misses you.
There is a stone staircase leading up here.
The adder bites you.
* * * LOW HITPOINT WARNING * * *
The gnoll closely misses you.
You climb upwards.
There is a stone staircase leading down here.
You closely miss the adder.
The adder is moderately wounded.
The adder bites you.
* * * LOW HITPOINT WARNING * * *
You are lethally poisoned!
The adder poisons you! The adder bites you.
You die...

#......#.#### #........
#######......#....# #........
#............'....#
########'####
##.####......#....#
#..........## #.# #...^..+....#
#..........## #.#
#......##...###..........## #.#
#......##....)'..........'. #.#
#......###S..##..........## #.#
#......###@...#..........# #.#
#...(....................#
#.########..######............#
#...........# ###..........#
###########.# #..........#
#.........#.# #..........##
#.#######.#.# #............
#......##.#.# ####...###...
#.####.##.#.#
###########'###...


You could see an adder.

Vanquished Creatures
  A gnoll (D:2)
  4 dart slugs
  3 bats
  3 endoplasms (D:1)
  3 giant cockroaches (D:1)
  7 goblins
  4 hobgoblins
  2 quokkas
  7 ball pythons
  A frilled lizard (D:1)
  3 kobolds
  3 rats
41 creatures vanquished.

Notes
Turn   | Place    | Note
-------+----------+-------------------------------------------
     0 | D:1      | GorkyZ the Formicid Fighter began the quest for the Orb.
     0 | D:1      | Reached XP level 1. HP: 18/18 MP: 1/1
    43 | D:1      | Reached XP level 2. HP: 23/24 MP: 2/2
   485 | D:1      | Reached XP level 3. HP: 28/29 MP: 3/3
   501 | D:1      | Found a faded altar of an unknown god.
   537 | D:1      | Reached skill level 1 in Evocations
  1350 | D:2      | Reached XP level 4. HP: 11/35 MP: 4/4
  1713 | D:1      | HP: 1/35 [adder (3)]
  1713 | D:1      | Slain by an adder

Illustrated notes

Levels and vault maps discovered:
D:1:      saegor_arrival_simple_d, layout_basic,
          ebering_ecumenical_altar_abandoned
D:2:      layout_loops_cross

Skill      XL: |  1  2  3 |
---------------+----------+-----
Evocations     | 1 |  1.4
Fighting       | |  3.5
Axes           | |  2.4
Throwing       | |  0.9
Armour         | |  3.6
Dodging        | |  0.8
Shields        | |  4.4

Action                   |  1- 3 |  4- 6 || total
-------------------------+-------+-------++-------
Melee: War axe           |    89 |    14 ||   103
Armor: Scale mail        |    45 |    12 ||    57
Dodge: Dodged            |    55 |    13 ||    68
Block: Buckler           |    31 |     3 ||    34
